A
LEXINGTON DISTILLERS @ BARRE GRAYS
04/13/2060
 
TOP OF THE 1ST
Evansville Hit Kings batting - Pitching for Barre Grays : RHP Spike Meilleur
Pitching: RHP Spike Meilleur
Batting: RHB Kristian Malley 0-0: Ball
1-0: Foul Ball, location: 2F
1-1: Ball
2-1: SINGLE (Line Drive, 6MD, EV 105.0 MPH)
Batting: LHB Allen Kramer 0-0: Ball
1-0: Swinging Strike
1-1: Ball
2-1: Foul Ball, location: 2F
2-2: Ball
3-2: Foul Ball, location: 2F
3-2: Foul Ball, location: 2F
3-2: Ground out 6-3 (Groundball, 6M, EV 81.9 MPH)
Kristian Malley to second
Batting: RHB Marlon Anderson 0-0: Ball
1-0: 2-RUN HOME RUN (Flyball, 7D, EV 96.2 MPH), Distance : 358 ft
Batting: SHB Sharrod Lewis 0-0: Ground out 4-3 (Groundball, 4M, EV 107.5 MPH)
Batting: RHB Chandler Frazee 0-0: Called Strike
0-1: Called Strike
0-2: Foul Ball, location: 2F
0-2: Foul Ball, location: 2F
0-2: SINGLE (Line Drive, 89M, EV 90.0 MPH)
Batting: SHB Wade Carter 0-0: Called Strike
0-1: Fielders Choice at 2nd, U6 (Groundball, 6M, EV 90.6 MPH)
Top of the 1st over - 2 runs, 3 hits, 0 errors, 1 left on base; Evansville 2 - Barre 0
BOTTOM OF THE 1ST
Barre Grays batting - Pitching for Evansville Hit Kings : RHP Kaheem Takaki
Pitching: RHP Kaheem Takaki
Batting: RHB Kris McKay 0-0: Ball
1-0: Ball
2-0: Foul Ball, location: 2F
2-1: Ground out 4-3 (Groundball, 4, EV 98.8 MPH)
Batting: RHB Kyle Lloyd 0-0: Ball
1-0: Swinging Strike
1-1: Swinging Strike
1-2: Strikes out swinging
Batting: SHB Cameron Carter 0-0: Foul Ball, location: 2F
0-1: Called Strike
0-2: Ball
1-2: Ball
2-2: Ball
3-2: Strikes out swinging
Bottom of the 1st over - 0 runs, 0 hits, 0 errors, 0 left on base; Evansville 2 - Barre 0
TOP OF THE 2ND
Evansville Hit Kings batting - Pitching for Barre Grays : RHP Spike Meilleur
Batting: SHB Weston Borron 0-0: Called Strike
0-1: Ground out 5-3 (Groundball, 56S, EV 70.6 MPH)
Batting: RHB Grant Mason 0-0: Ground out U3 (Groundball, 3, EV 103.8 MPH)
Batting: RHB Brenden Baxter 0-0: SOLO HOME RUN (Flyball, 78XD, EV 102.5 MPH), Distance : 401 ft
Batting: RHB Kristian Malley 0-0: Fly out, F8 (Flyball, 8RXD, EV 96.2 MPH)
Top of the 2nd over - 1 run, 1 hit, 0 errors, 0 left on base; Evansville 3 - Barre 0
BOTTOM OF THE 2ND
Barre Grays batting - Pitching for Evansville Hit Kings : RHP Kaheem Takaki
Batting: RHB Jayson Hart 0-0: Ball
1-0: Ball
2-0: Foul Ball, location: 2F
2-1: Swinging Strike
2-2: Strikes out swinging
Batting: RHB Blake Simmons 0-0: Fly out, F8 (Flyball, 8LXD, EV 98.1 MPH)
Batting: RHB Jonah Colletti 0-0: Ball
1-0: Ball
2-0: Called Strike
2-1: Ball
3-1: Base on Balls
Batting: RHB Clayton Brubaker 0-0: Swinging Strike
0-1: Ball
1-1: Swinging Strike
1-2: Strikes out swinging
Bottom of the 2nd over - 0 runs, 0 hits, 0 errors, 1 left on base; Evansville 3 - Barre 0
TOP OF THE 3RD
Evansville Hit Kings batting - Pitching for Barre Grays : RHP Spike Meilleur
Batting: LHB Allen Kramer 0-0: Ball
1-0: SINGLE (Line Drive, 34, EV 105.6 MPH)
Batting: RHB Marlon Anderson 0-0: Called Strike
0-1: Called Strike
0-2: Strikes out swinging
Batting: SHB Sharrod Lewis 0-0: Ball
1-0: Ball
2-0: Swinging Strike
2-1: Ball
3-1: Called Strike
3-2: DOUBLE (Line Drive, 89D, EV 105.6 MPH)
Allen Kramer to third
Batting: RHB Chandler Frazee 0-0: Called Strike
0-1: Ball
1-1: Foul Ball, location: 2F
1-2: Strikes out swinging
Batting: SHB Wade Carter 0-0: Called Strike
0-1: Ball
1-1: Swinging Strike
1-2: Strikes out swinging
Top of the 3rd over - 0 runs, 2 hits, 0 errors, 2 left on base; Evansville 3 - Barre 0
BOTTOM OF THE 3RD
Barre Grays batting - Pitching for Evansville Hit Kings : RHP Kaheem Takaki
Batting: RHB Isaac Stamey 0-0: Called Strike
0-1: Ball
1-1: Swinging Strike
1-2: Ball
2-2: Foul Ball, location: 2F
2-2: Foul Ball, location: 2F
2-2: Fly out, F9 (Flyball, 9LD, EV 91.9 MPH)
Batting: RHB Jason Redmon 0-0: Ball
1-0: Ground out 5-3 (Groundball, 56, EV 83.8 MPH)
Batting: RHB Kris McKay 0-0: DOUBLE (Groundball, 3L, EV 103.8 MPH)
Batting: RHB Kyle Lloyd 0-0: Foul Ball, location: 2F
0-1: Ball
1-1: Ball
2-1: Ball
3-1: Base on Balls
Batting: SHB Cameron Carter 0-0: Foul Ball, location: 2F
0-1: Foul Ball, location: 2F
0-2: SINGLE (Line Drive, 6D, EV 99.4 MPH)
Kris McKay to third
Kyle Lloyd to second
Runner from 3rd tries for Home, SAFE, throw by CF to home
Batting: RHB Jayson Hart 0-0: Foul Ball, location: 2F
0-1: Foul Ball, location: 2F
0-2: Ball
1-2: Ball
2-2: 3-RUN HOME RUN (Flyball, 78XD, EV 103.1 MPH), Distance : 395 ft
Batting: RHB Blake Simmons 0-0: Called Strike
0-1: Ball
1-1: Fly out, F9 (Line Drive, 9, EV 105.6 MPH)
Bottom of the 3rd over - 4 runs, 3 hits, 0 errors, 0 left on base; Evansville 3 - Barre 4
TOP OF THE 4TH
Evansville Hit Kings batting - Pitching for Barre Grays : RHP Spike Meilleur
Batting: SHB Weston Borron 0-0: Called Strike
0-1: Ball
1-1: Called Strike
1-2: Foul Ball, location: 2F
1-2: Strikes out swinging
Batting: RHB Grant Mason 0-0: Ball
1-0: Swinging Strike
1-1: Fly out, F1 (Line Drive, P, EV 68.1 MPH)
Batting: RHB Brenden Baxter 0-0: Ball
1-0: Ground out 3-1 (Groundball, 34S, EV 82.5 MPH)
Top of the 4th over - 0 runs, 0 hits, 0 errors, 0 left on base; Evansville 3 - Barre 4
BOTTOM OF THE 4TH
Barre Grays batting - Pitching for Evansville Hit Kings : RHP Kaheem Takaki
Batting: RHB Jonah Colletti 0-0: Ball
1-0: Ball
2-0: Ball
3-0: Base on Balls
Batting: RHB Clayton Brubaker 0-0: Swinging Strike
0-1: Grounds into double play, 6-4-3 (Groundball, 6, EV 103.8 MPH)
Batting: RHB Isaac Stamey 0-0: Ball
1-0: Called Strike
1-1: Swinging Strike
1-2: Foul Ball, location: 2F
1-2: Ball
2-2: SOLO HOME RUN (Flyball, 7LD, EV 96.2 MPH), Distance : 354 ft
Pitching: LHP Julian Ashcroft
Batting: RHB Jason Redmon 0-0: Ball
1-0: Foul Ball, location: 2F
1-1: Ball
2-1: Swinging Strike
2-2: Foul Ball, location: 2F
2-2: Foul Ball, location: 2F
2-2: Ball
3-2: Strikes out swinging
Bottom of the 4th over - 1 run, 1 hit, 0 errors, 0 left on base; Evansville 3 - Barre 5
TOP OF THE 5TH
Evansville Hit Kings batting - Pitching for Barre Grays : RHP Spike Meilleur
Batting: RHB Kristian Malley 0-0: Called Strike
0-1: Ball
1-1: Ball
2-1: Ball
3-1: Reached on error, E6 (Groundball, 6, EV 77.5 MPH)
Batting: LHB Allen Kramer 0-0: Called Strike
0-1: Foul Ball, location: 2F
0-2: Ball
1-2: Ball
2-2: Ball
3-2: Base on Balls
Kristian Malley to second
Batting: RHB Marlon Anderson 0-0: Ball
1-0: Ball
2-0: 3-RUN HOME RUN (Flyball, 7LD, EV 91.2 MPH), Distance : 353 ft
Pitching: RHP Elmer Malay
Batting: SHB Sharrod Lewis 0-0: Ball
1-0: Called Strike
1-1: Ball
2-1: Foul Ball, location: 2F
2-2: Ball
3-2: Base on Balls
Batting: RHB Chandler Frazee 0-0: Called Strike
0-1: Ball
1-1: Grounds into double play, 3-6-3 (Groundball, 3S, EV 86.9 MPH)
Batting: SHB Wade Carter 0-0: Ball
1-0: Ground out 4-3 (Groundball, 4, EV 82.5 MPH)
Top of the 5th over - 3 runs, 1 hit, 1 error, 0 left on base; Evansville 6 - Barre 5
BOTTOM OF THE 5TH
Barre Grays batting - Pitching for Evansville Hit Kings : LHP Julian Ashcroft
Batting: RHB Kris McKay 0-0: SINGLE (Line Drive, 3D, EV 105.0 MPH)
Batting: RHB Kyle Lloyd 0-0: Bunted foul
0-1: Sac Bunt to 13S - play at first, batter OUT! 1-3
Kris McKay to second
Batting: SHB Cameron Carter 0-0: SINGLE (Groundball, 56S, EV 69.4 MPH) (infield hit)
Kris McKay to third
Batting: RHB Jayson Hart 0-0: SINGLE (Groundball, 56D, EV 110.6 MPH)
Kris McKay scores
Cameron Carter to second
Batting: RHB Blake Simmons 0-0: Called Strike
0-1: Hit by Pitch
Cameron Carter to third
Jayson Hart to second
Batting: RHB Jonah Colletti 0-0: Ball
1-0: Fly out, F9 (Flyball, 9D, EV 98.8 MPH)
Runner from 3rd tags up, SCORES, throw by RF
Jayson Hart to third
Batting: RHB Clayton Brubaker 0-0: Called Strike
0-1: Foul Ball, location: 2F
0-2: Ball
1-2: Fly out, F9 (Flyball, 89M, EV 90.6 MPH)
Bottom of the 5th over - 2 runs, 3 hits, 0 errors, 2 left on base; Evansville 6 - Barre 7
TOP OF THE 6TH
Evansville Hit Kings batting - Pitching for Barre Grays : RHP Elmer Malay
Batting: SHB Weston Borron 0-0: Called Strike
0-1: Fly out, F5 (Popup, 56, EV 82.5 MPH)
Batting: RHB Grant Mason 0-0: Called Strike
0-1: Ball
1-1: Foul Ball, location: 2F
1-2: Ball
2-2: Ball
3-2: Strikes out swinging
Batting: RHB Brenden Baxter 0-0: Called Strike
0-1: SINGLE (Groundball, 56, EV 100.0 MPH) (infield hit)
Batting: RHB Kristian Malley 0-0: Ball
1-0: Ball
2-0: Foul Ball, location: 2F
2-1: Ball
3-1: Foul Ball, location: 2F
3-2: Strikes out swinging
Top of the 6th over - 0 runs, 1 hit, 0 errors, 1 left on base; Evansville 6 - Barre 7
BOTTOM OF THE 6TH
Barre Grays batting - Pitching for Evansville Hit Kings : LHP Julian Ashcroft
Batting: RHB Isaac Stamey 0-0: Ball
1-0: SINGLE (Groundball, 3D, EV 97.5 MPH)
Batting: RHB Jason Redmon 0-0: Sac Bunt to P - play at first, batter OUT! 1-3
Isaac Stamey to second
Batting: RHB Kris McKay 0-0: Reached on error, E6 (Groundball, 6, EV 95.6 MPH)
Isaac Stamey to third
Batting: RHB Kyle Lloyd 0-0: Fly out, F7 (Flyball, 7S, EV 84.4 MPH)
Batting: SHB Cameron Carter 0-0: Called Strike
0-1: Foul Ball, location: 2F
0-2: Ball
1-2: Ball
2-2: SINGLE (Groundball, 4MS, EV 70.6 MPH) (infield hit)
Isaac Stamey scores
Kris McKay to second
Pitching: RHP Samuel Crosby
Batting: RHB Jayson Hart 0-0: Ball
1-0: Ball
2-0: Called Strike
2-1: Ball
3-1: SINGLE (Groundball, 56D, EV 97.5 MPH)
Kris McKay to third
Cameron Carter to second
Runner from 3rd tries for Home, SAFE, throw by LF to home
Batting: RHB Blake Simmons 0-0: Called Strike
0-1: Fly out, F9 (Flyball, 9S, EV 89.4 MPH)
Bottom of the 6th over - 2 runs, 3 hits, 1 error, 2 left on base; Evansville 6 - Barre 9
TOP OF THE 7TH
Evansville Hit Kings batting - Pitching for Barre Grays : RHP Elmer Malay
Batting: LHB Allen Kramer 0-0: Called Strike
0-1: Hit by Pitch
Batting: RHB Marlon Anderson 0-0: Ball
1-0: Swinging Strike
1-1: Foul Ball, location: 2F
1-2: Foul Ball, location: 2F
1-2: Strikes out looking
Batting: SHB Sharrod Lewis 0-0: Ball
1-0: Called Strike
1-1: Ball
2-1: SINGLE (Groundball, 34D, EV 106.2 MPH)
Allen Kramer to second
Runner from 2nd tries for 3rd, SAFE, throw by RF made to third
Batting: RHB Chandler Frazee 0-0: Ball
1-0: Called Strike
1-1: Ball
2-1: Ball
3-1: Swinging Strike
3-2: SINGLE (Flyball, 78S, EV 91.9 MPH)
Allen Kramer scores
Sharrod Lewis to second
Batting: SHB Wade Carter 0-0: Ball
1-0: Ball
Wild Pitch!
Sharrod Lewis to third
Chandler Frazee to second
2-0: Called Strike
2-1: Foul Ball, location: 2F
2-2: Ball
3-2: SINGLE (Flyball, 8LS, EV 96.2 MPH)
Sharrod Lewis scores
Chandler Frazee to third
Pitching: RHP Devon Frye
Batting: SHB Weston Borron 0-0: Fly out, F8 (Flyball, 8RD, EV 97.5 MPH)
Pinch Hitting: RHB Josh Downie 0-0: Ball
1-0: Ball
2-0: Called Strike
2-1: Swinging Strike
2-2: Foul Ball, location: 2F
2-2: Ball
3-2: Strikes out swinging
Top of the 7th over - 2 runs, 3 hits, 0 errors, 2 left on base; Evansville 8 - Barre 9
BOTTOM OF THE 7TH
Barre Grays batting - Pitching for Evansville Hit Kings : RHP Samuel Crosby
Now at 1B: Josh Downie
Now in RF: Sharrod Lewis
Batting: RHB Jonah Colletti 0-0: Ball
1-0: Called Strike
1-1: Ball
2-1: Foul Ball, location: 2F
2-2: Fly out, F8 (Flyball, 8RS, EV 86.2 MPH)
Batting: RHB Clayton Brubaker 0-0: Foul Ball, location: 2F
0-1: Ball
1-1: Ball
2-1: SINGLE (Line Drive, 6M, EV 97.5 MPH)
Batting: RHB Isaac Stamey 0-0: Foul Ball, location: 2F
0-1: Called Strike
Clayton Brubaker is caught stealing 2nd base 2-4
0-2: Ground out 5-3 (Groundball, 56S, EV 63.8 MPH)
Bottom of the 7th over - 0 runs, 1 hit, 0 errors, 0 left on base; Evansville 8 - Barre 9
TOP OF THE 8TH
Evansville Hit Kings batting - Pitching for Barre Grays : RHP Devon Frye
Batting: RHB Brenden Baxter 0-0: Called Strike
0-1: Ball
1-1: Called Strike
1-2: Foul Ball, location: 2F
1-2: Foul Ball, location: 2F
1-2: SINGLE (Line Drive, 34, EV 100.0 MPH)
Batting: RHB Kristian Malley 0-0: Sac Bunt to 3S - play at first, batter safe!
Brenden Baxter to second
Batting: LHB Allen Kramer 0-0: Ball
1-0: Ground out 6-3 (Groundball, 6MD, EV 101.9 MPH)
Brenden Baxter to third
Kristian Malley to second
Batting: RHB Marlon Anderson 0-0: Fly out, F7 (Flyball, 7, EV 96.2 MPH)
Runner from 3rd tags up, OUT at HOME! 7-2
Top of the 8th over - 0 runs, 2 hits, 0 errors, 1 left on base; Evansville 8 - Barre 9
BOTTOM OF THE 8TH
Barre Grays batting - Pitching for Evansville Hit Kings : RHP Samuel Crosby
Batting: RHB Jason Redmon 0-0: Called Strike
0-1: Swinging Strike
0-2: Ball
1-2: Strikes out swinging
Batting: RHB Kris McKay 0-0: Called Strike
0-1: Ball
1-1: Ground out 6-3 (Groundball, 6, EV 86.9 MPH)
Batting: RHB Kyle Lloyd 0-0: Called Strike
0-1: Ball
1-1: Swinging Strike
1-2: Strikes out looking
Bottom of the 8th over - 0 runs, 0 hits, 0 errors, 0 left on base; Evansville 8 - Barre 9
TOP OF THE 9TH
Evansville Hit Kings batting - Pitching for Barre Grays : RHP Devon Frye
Pitching: LHP Mitch Colwell
Now at 1B: Cody Squatrito
Now in LF: Kyle Lloyd
Batting: SHB Sharrod Lewis 0-0: Ball
1-0: Ball
2-0: Called Strike
2-1: SINGLE (Line Drive, 4MD, EV 111.2 MPH)
Batting: RHB Chandler Frazee 0-0: Foul Ball, location: 2F
0-1: Ball
1-1: Foul Ball, location: 2F
1-2: Ball
2-2: Ball
3-2: Strikes out swinging
Batting: SHB Wade Carter 0-0: Called Strike
0-1: Ball
1-1: Swinging Strike
1-2: Ball
2-2: Foul Ball, location: 2F
2-2: Foul Ball, location: 2F
2-2: Strikes out swinging
Pinch Hitting: RHB Garret Miller 0-0: Ball
1-0: Fly out, F3 (Popup, 3F, EV 73.8 MPH)
Top of the 9th over - 0 runs, 1 hit, 0 errors, 1 left on base; Evansville 8 - Barre 9
Saturday, April 27th , 2024 - OOTP Baseball 23.10 Build 110